 Dungeon Crawl Stone Soup version 0.18-a0-721-g8fc53f4 (webtiles) character file.

912 M4edhros the Covert (level 8, -1/72 HPs)
             Began as an Octopode Artificer on Dec 8, 2015.
             Slain by an orc warrior
             ... wielding a +0 hand axe
              (7 damage)
             ... on level 6 of the Dungeon.
             The game lasted 00:10:33 (3379 turns).

M4edhros the Covert (Octopode Artificer)            Turns: 3379, Time: 00:10:34

Health: -1/72      AC: 21    Str: 18    XL:     8   Next: 9%
Magic:  4/4        EV:  2    Int: 17    God:    Xom [....*.]
Gold:   143        SH:  0    Dex: 23    Spells: 0 memorised, 7 levels left

rFire  . . .     SeeInvis .     n - +3 hand axe of the Assorted Lies {antimagic, Str+3 Dex+4}
rCold  . . .     Clarity  .     (no shield)
rNeg   + + +     SustAt   .     (helmet currently unavailable)
rPois  +         Gourm    .     (no amulet)
rElec  .         Spirit   .     k - -3 ring of protection (curse)
rCorr  .         Dismiss  .     i - +2 ring of dexterity
rMut   .         NoTele   +     (no ring)
MR     .....                    (no ring)
Stlth  +++++++...               (no ring)
                                (no ring)
                                (no ring)
                                (no ring)

@: mighty, agile, tree-form, not resistant to hostile enchantments, extremely
stealthy
A: almost no armour, amphibious, 8 rings, (constrict 8), (camouflage 0),
(gelatinous body 0)
a: Renounce Religion


You were on level 6 of the Dungeon.
You worshipped Xom.
You were a beloved toy of Xom.
You were very hungry.
You were a tree.
You visited 1 branch of the dungeon, and saw 6 of its levels.

You collected 143 gold pieces.

Inventory:

Hand Weapons
 a - a +0 short sword
 n - the +3 hand axe of the Assorted Lies (weapon) {antimagic, Str+3 Dex+4}
   (You found it on level 6 of the Dungeon)

   It disrupts the flow of magical energy around spellcasters and certain
   magical creatures (including the wielder).
   It affects your strength (+3).
   It affects your dexterity (+4).
 r - a +0 hunting sling
Missiles
 p - 123 stones (quivered)
 q - 14 sling bullets
Jewellery
 i - a +2 ring of dexterity (right branch)
 k - a cursed -3 ring of protection (left branch)
Wands
 b - a wand of flame (0)
 c - a wand of enslavement (8)
 d - a wand of random effects (2)
 o - a wand of confusion (12)
Scrolls
 s - a scroll of amnesia
Potions
 h - a potion of might
 u - a potion of lignification
Books
 w - a book of Dreams

   Spells                             Type                      Level
   a - Ensorcelled Hibernation        Hexes/Ice                    2
   b - Phase Shift                    Translocation                5
   c - Shadow Creatures               Summoning                    5
   d - Silence                        Hexes/Air                    5
   e - Darkness                       Hexes                        6
   f - Mass Confusion                 Hexes                        6
Miscellaneous
 j - a disc of storms
Comestibles
 e - 2 bread rations
 f - 2 beef jerkies
 l - a fruit
 m - 2 royal jellies
 v - a slice of pizza


   Skills:
 - Level 1.0 Fighting
 - Level 1.0 Short Blades
 * Level 3.0 Slings
 + Level 2.8 Dodging
 + Level 8.0 Stealth
 + Level 7.1 Evocations


You had 7 spell levels left.
You didn't know any spells.

Dungeon Overview and Level Annotations

Branches:
Dungeon (6/15)             Temple (0/1) D:4

Altars:
Ashenzari
Cheibriados
Dithmenos
Kikubaaqudgha
Ru
Xom
Yredelemnul

Annotations:
D:3 Ijyb


Innate Abilities, Weirdness & Mutations

You cannot wear most types of armour.
You are amphibious.
You can wear up to eight rings at the same time.
((You can use your tentacles to constrict eight enemies at once.))
((Your skin changes colour to match your surroundings (Stealth).))
((Your rubbery body absorbs attacks (AC +1).))


Message History

* * * LOW HITPOINT WARNING * * *
Drink which item? (? for menu, Esc to quit)
It was a potion of lignification.
You turn into a tree.
Your roots penetrate the ground.
You lose your grip on the orc warrior.
You hit the orc warrior but do no damage.
The orc warrior is moderately wounded.
You are now a beloved toy of Xom.
The orc warrior hits you but does no damage. x2
You hit the orc warrior but do no damage.
The orc warrior is moderately wounded.
The orc warrior hits you but does no damage.
Drink which item? (? for menu, Esc to quit)
You feel very mighty all of a sudden.
The orc warrior hits you with a hand axe.
* * * LOW HITPOINT WARNING * * *
You slash the orc warrior!
The orc warrior is heavily wounded.
The orc warrior hits you with a hand axe!
You die...
Xom titters!

. ...F#######
##########
...oo{o♣..####........#
....#####.......P.....#
. #.##.....###..#
###.#......#.#..#
#....P.......#.##
#.......#....#.#
..........P.##.._.#.#
....##.......#..(.#.#
#.# #............#.#


You could see an orc warrior, a giant frog and 2 orcs.

Vanquished Creatures
  Edmund (D:4)
  A black bear (D:4)
  A phantom (D:4)
  An ogre (D:4)
  A jelly (D:5)
  2 crimson imps
  2 hounds (D:4)
  An orc priest (D:4)
  4 orc wizards
  2 worker ants
  3 adders
  2 oozes
  5 orcs
  3 ball pythons
  2 giant cockroaches
  6 goblins
  2 hobgoblins (D:2)
  8 jackals
  2 quokkas
  2 bats
  2 giant newts
  4 rats
57 creatures vanquished.

Vanquished Creatures (collateral kills)
  An iguana (D:4)
  An orc priest (D:4)
  An orc wizard (D:4)
  A hound skeleton (D:4)
  4 orcs
  4 jackals (D:4)
12 creatures vanquished.

Vanquished Creatures (others)
  A scorpion (D:4)
1 creature vanquished.

Grand Total: 70 creatures vanquished

Notes
Turn   | Place    | Note
--------------------------------------------------------------
     0 | D:1      | M4edhros the Octopode Artificer began the quest for the Orb.
     0 | D:1      | Reached XP level 1. HP: 13/13 MP: 3/3
   205 | D:1      | Reached XP level 2. HP: 12/18 MP: 4/4
   522 | D:2      | Found a snail-covered altar of Cheibriados.
   846 | D:3      | Noticed Ijyb
  1159 | D:2      | Reached XP level 3. HP: 15/23 MP: 5/5
  1202 | D:2      | Reached skill level 4 in Evocations
  1218 | D:2      | Found a shimmering altar of Xom.
  1229 | D:2      | Became a worshipper of Xom of Chaos
  1331 | D:3      | Reached XP level 4. HP: 25/28 MP: 7/7
  1333 | D:3      | XOM: silly message
  1559 | D:4      | Noticed a phantom
  1560 | D:4      | XOM: potion effect (invisibility)
  1564 | D:4      | XOM: enchant monster (bad)
  1595 | D:4      | Reached XP level 5. HP: 14/33 MP: 8/8
  1596 | D:4      | XOM: smoke on damage
  1661 | D:4      | Reached skill level 5 in Stealth
  1661 | D:4      | Reached skill level 5 in Evocations
  1670 | D:4      | XOM: enchant monster (good)
  1824 | D:2      | XOM: mild Erth miscast
  1888 | D:4      | Found a shattered altar of Ashenzari.
  1890 | D:4      | Found a sacrificial altar of Ru.
  1904 | D:4      | Noticed Edmund
  1913 | D:4      | Killed Edmund
  1913 | D:4      | Reached skill level 6 in Stealth
  1913 | D:4      | Reached XP level 6. HP: 34/38 MP: 8/10
  1984 | D:4      | Found a shadowy altar of Dithmenos.
  2019 | D:4      | XOM: cast spell 'Shadow Creatures'
  2029 | D:4      | HP: 1/38 [orc priest/nerve-wracking pain (12)]
  2030 | D:4      | XOM: smoke on damage
  2047 | D:4      | XOM: enchant monster (bad)
  2051 | D:4      | XOM: divination: detect items
  2129 | D:4      | Reached skill level 7 in Stealth
  2129 | D:4      | Reached XP level 7. HP: 26/43 MP: 11/11
  2169 | D:4      | XOM: cast spell 'Summon Ice Beast'
  2447 | D:4      | XOM: mild Air miscast
  2456 | D:4      | XOM: butterfly on damage
  2477 | D:4      | HP: 2/43 [poisoned by a scorpion]
  2523 | D:4      | Reached skill level 1 in Slings
  2533 | D:4      | XOM: divination: detect creatures
  2756 | D:4      | XOM: god gift: disc of storms
  2774 | D:4      | Found a staircase to the Ecumenical Temple.
  2872 | D:5      | Entered Level 5 of the Dungeon
  2909 | D:5      | Found a shimmering altar of Xom.
  3049 | D:5      | Reached XP level 8. HP: 12/48 MP: 13/13
  3152 | D:5      | Found a basalt altar of Yredelemnul.
  3168 | D:5      | XOM: vitrification
  3183 | D:5      | Reached skill level 8 in Stealth
  3298 | D:6      | XOM: 4-stop teleportation journey
  3303 | D:6      | Found an ancient bone altar of Kikubaaqudgha.
  3309 | D:6      | Got a bloodstained hand axe
  3312 | D:6      | Identified the +3 hand axe of the Assorted Lies {antimagic, Str+3 Dex+4} (You found it on level 6 of the Dungeon)
  3379 | D:6      | Slain by an orc warrior

Vault maps used:
D:1:      dpeg_arrival_long_road
D:2:      lemuel_doored_altar, old_standard_altar
D:3:      uniq_grinder, uniq_sigmund, uniq_iyjb
D:4:      black_bear_nest_1, nicolae_overflow_hidden_temple,
          grunt_temple_overflow_open, first_bread, uniq_edmund
D:5:      kennysheep_little_box, led_xom_imps, uniq_menkaure
D:6:      kiku_gazebo_garden_becter, uniq_eustachio

Action                   |  1- 3 |  4- 6 |  7- 9 || total
-------------------------+-------+-------+-------++-------
Melee: Short sword       |    51 |    32 |    56 ||   139
       Hand axe          |       |       |     6 ||     6
 Fire: Hunting sling     |       |       |     4 ||     4
Evoke: Wand              |       |    26 |    10 ||    36
  Use: Scroll            |     3 |     2 |     4 ||     9
       Potion            |     5 |     1 |     5 ||    11
 Stab: Sleeping          |     6 |     3 |     8 ||    17
  Eat: Chunk             |     1 |     3 |     3 ||     7
